 Dungeon Crawl Stone Soup version 0.25.1-2-g60ff931df9 (webtiles) character file.

Game seed: 6497109779296980854

247 sankara the Chopper (level 5, -2/48 HPs)
             Began as a Minotaur Fighter on Sept 10, 2020.
             Slain by Menkaure (16 damage)
             ... on level 4 of the Dungeon.
             The game lasted 00:05:07 (3101 turns).

sankara the Chopper (Minotaur Fighter)              Turns: 3101, Time: 00:05:08

Health: -2/48      AC: 13    Str: 21    XL:     5   Next: 85%
Magic:  13/13      EV:  5    Int:  5    God:
Gold:   154        SH:  9    Dex: 10    Spells: 4/4 levels left

rFire    . . .     SeeInvis .   a - +0 war axe
rCold    . . .     Gourm    .   c - +0 kite shield
rNeg     . . .     Faith    .   v - +4 chain mail
rPois    .         Spirit   .   (helmet restricted)
rElec    .         Reflect  .   (no cloak)
rCorr    .         Harm     .   (no gloves)
MR       .....                  (no boots)
Stlth    ..........             (no amulet)
HPRegen  0.16/turn              i - ring of magical power
MPRegen  0.13/turn              (no ring)

@: no status effects
A: retaliatory headbutt, horns 2
a: no special abilities


You were on level 4 of the Dungeon.
You were not hungry.

You visited 1 branch of the dungeon, and saw 4 of its levels.

You collected 154 gold pieces.

Inventory:

Hand Weapons
 a - a +0 war axe (weapon)
 o - a +0 hunting sling
Missiles
 e - 139 stones (quivered)
 k - 32 arrows
 w - 34 sling bullets
Armour
 c - a +0 kite shield (worn)
 v - a +4 chain mail (worn)
Jewellery
 b - a cursed amulet of faith {unknown}
 i - a ring of magical power (left hand)
Scrolls
 g - a scroll of fog {unknown}
 m - a scroll of remove curse
 q - 2 scrolls of teleportation {unknown}
 r - 3 scrolls of fear {unknown}
 t - a scroll of enchant armour {unknown}
 u - a scroll of enchant weapon {unknown}
Potions
 d - a potion of might
 j - 3 potions of flight
 n - a potion of mutation {unknown}
 p - 2 potions of heal wounds {unknown}
 s - a potion of ambrosia {unknown}
 x - a potion of magic {unknown}
Comestibles
 f - 5 rations
 h - 3 chunks of flesh


   Skills:
 + Level 5.0 Fighting
 * Level 5.5 Axes
 + Level 5.0 Armour
 - Level 3.6 Shields


You had 4 spell levels left.
You didn't know any spells.
Your spell library was empty.

Dungeon Overview and Level Annotations

Branches:
Dungeon (4/15)
 Temple: D:4-7

Altars:
Elyvilon
Hepliaklqana
Makhleb
Sif Muna

Annotations:
D:4 Menkaure


Innate Abilities, Weirdness & Mutations

You reflexively headbutt those who attack you in melee.
You have a pair of horns on your head.


Message History

Found an escape hatch in the floor.
Menkaure, Prince of Dust comes into view.
Menkaure shouts!
Menkaure completely misses you.
Found 8 gold pieces.
You completely miss Menkaure.
Menkaure calls on the powers of darkness!
Your body is wracked with pain!
You slash Menkaure!
Menkaure is moderately damaged.
Menkaure hits you!
* * * LOW HITPOINT WARNING * * *
You are too injured to fight recklessly!
You are too injured to fight recklessly!
You are too injured to fight recklessly!
You are too injured to fight recklessly!
You barely miss Menkaure.
Menkaure is moderately damaged.
Menkaure hits you!
You die...

......####.########
........................
###....####.###.#.......
##...# #.............
#...# ##.##........$
#...# #.##.........
##### #..#.........
##..#..M....# ##
#.....@.....# .#
#.....####..# .#
#....... #>....###
#####.# #.. ##.# ..


You could see Menkaure.

Vanquished Creatures
  2 worker ants
  7 adders
  4 gnolls (D:4)
  3 oozes
  2 dart slugs
  4 leopard geckos
  An orc (D:4)
  7 bats
  4 giant cockroaches
  8 hobgoblins
  7 jackals
  A ball python (D:1)
  3 frilled lizards
  13 goblins
  11 kobolds
  7 rats
84 creatures vanquished.

Notes
Turn   | Place    | Note
-------+----------+-------------------------------------------
     0 | D:1      | sankara the Minotaur Fighter began the quest for the Orb.
     0 | D:1      | Reached XP level 1. HP: 19/19 MP: 0/0
   377 | D:1      | Reached XP level 2. HP: 26/27 MP: 1/1
   950 | D:2      | Reached XP level 3. HP: 33/33 MP: 2/2
  1307 | D:2      | Found a white marble altar of Elyvilon.
  1426 | D:2      | Reached XP level 4. HP: 36/41 MP: 3/3
  1870 | D:2      | Found a hazy altar of Hepliaklqana.
  2060 | D:2      | Found a shimmering blue altar of Sif Muna.
  2348 | D:3      | Reached XP level 5. HP: 43/47 MP: 4/4
  2470 | D:3      | Found a burning altar of Makhleb.
  2634 | D:3      | Reached skill level 5 in Axes
  3036 | D:4      | Reached skill level 5 in Fighting
  3036 | D:4      | Reached skill level 5 in Armour
  3096 | D:4      | Noticed Menkaure
  3101 | D:4      | Slain by Menkaure

Illustrated notes

Levels and vault maps discovered:
D:1:      erik_arrival_triangle_medium, layout_loops_ring, nrook_loot_triangle,
          kennysheep_minor_cross
D:2:      layout_loops_ring, elyvilon_altar_4, led_sif_pool, marbit_many_paths
D:3:      layout_loops_ring, lemuel_doored_altar,
          chequers_serial_rivers_micro_a, minmay_fountain_box
D:4:      layout_basic, first_ration, uniq_pikel, uniq_blork_the_orc,
          uniq_menkaure

Skill      XL: |  1  2  3  4  5 |
---------------+----------------+-----
Axes           | 3 4 5 |  5.5
Fighting       | 4 5 |  5.0
Armour         | 4 5 |  5.0
Shields        | |  3.6

Action                   |  1- 3 |  4- 6 || total
-------------------------+-------+-------++-------
Melee: War axe           |   115 |   112 ||   227
       Headbutt          |    18 |    14 ||    32
  Use: Scroll            |       |     4 ||     4
  Eat: Chunk             |     2 |     5 ||     7
Armor: Scale mail        |    60 |    24 ||    84
       Chain mail        |       |    31 ||    31
Dodge: Dodged            |    26 |    21 ||    47
Block: Kite shield       |    61 |    46 ||   107
